AoeStats
← willrhyd

Nomad

508901045Analyzed
4v4 RM · 7d ago on Sep 24, 2026· 24m 25s· 8 players
Game mode
Random Map
Map size
231×231
Population
200
Speed
Normal
Resources
Standard
Victory
Conquest
Starting age
Dark Age
Ending age
Imperial Age
RankedLock teamsTeams togetherTeam positionsShared explorationLock speedFull tech treeHidden civsTurbo modeCheats
Victory
Defeat
🇹🇼 Britons · Taiwan
1658
+6
🇹🇼 Shu · Taiwan
1627
+7
🇭🇰 Aztecs · Hong Kong SAR China
1599
+8
🇹🇼 Wei · Taiwan
1055
+105
🇬🇧 Portuguese · United Kingdom
1416
-13
🇨🇭 Goths · Switzerland
1401
-12
🇫🇮 Khmer · Finland
1380
-11
🇫🇮 Sicilians · Finland
1371
-11
Blue Cheese
6:16 Loom
14:47 Feudal Age
19:51 Castle Age
18:09 Double-Bit Axe
21:43 Town Watch
22:02 Horse Collar
23:32 Wheelbarrow
22:22 Pikeman
Yasuo, the Unforgiven
5:39 Loom
12:29 Feudal Age
12:56 Double-Bit Axe
19:27 Castle Age
17:19 Horse Collar
18:44 Gold Mining
19:40 Bloodlines
21:03 Forging
willrhyd
5:41 Loom
12:59 Feudal Age
17:03 Castle Age
15:39 Double-Bit Axe
16:55 Fletching
17:04 Gold Mining
18:26 Padded Archer Armor
18:24 Bodkin Arrow
18:49 Crossbowman
23:49 Ballistics
cro55b0w
3:48 Loom
15:35 Feudal Age
18:16 Castle Age
16:49 Fishing Lines
17:50 Stone Mining
18:32 Gold Mining
hide1914
14:21 Feudal Age
16:04 Loom
18:39 Castle Age
17:31 Double-Bit Axe
18:23 Scale Mail Armor
18:45 Forging
19:10 Gold Mining
18:54 Eagle Warrior
19:46 Fishing Lines
20:18 Squires
21:57 Chain Mail Armor
22:48 Bow Saw
22:46 Horse Collar
23:10 Gillnets
25:33 Iron Casting
Umi
14:14 Feudal Age
13:26 Loom
17:51 Castle Age
16:46 Double-Bit Axe
18:53 Fletching
19:14 Bow Saw
20:17 Bodkin Arrow
21:04 Padded Archer Armor
24:42 Ballistics
Avicii
11:42 Loom
13:44 Feudal Age
17:32 Castle Age
16:01 Double-Bit Axe
16:06 Town Watch
17:11 Wheelbarrow
18:52 Bow Saw
18:11 Demolition Ship
20:49 Gold Mining
21:18 Medium Warships
22:42 Horse Collar
24:14 Stone Mining
greatsurferTW
11:48 Loom
14:11 Feudal Age
15:47 Double-Bit Axe
18:03 Castle Age
16:12 Stone Mining
17:18 Horse Collar
19:23 Scale Mail Armor
20:19 Forging
Connection lost

Rejoining the realm…

Still unreachable

The connection could not be restored.

Session expired

The server has moved on; the page needs a fresh start.